 Dungeon Crawl Stone Soup version 0.18.1-50-g88ac8fd (webtiles) character file.

71 Amnesiac the Charlatan (level 4, -2/24 HPs)
             Began as a Deep Elf Artificer on Feb 28, 2018.
             Slain by an iron imp (7 damage)
             ... summoned by Natasha
             ... on level 3 of the Dungeon.
             The game lasted 00:02:47 (1389 turns).

Amnesiac the Charlatan (Deep Elf Artificer)         Turns: 1389, Time: 00:02:48

Health: -2/24      AC:  4    Str:  8    XL:     4   Next: 5%
Magic:  10/10      EV: 12    Int: 18    God:
Gold:   108        SH:  0    Dex: 15    Spells: 0 memorised, 3 levels left

rFire  . . .     SeeInvis .     q - +0 hunting sling
rCold  . . .     Gourm    .     b - +0 leather armour
rNeg   . . .     Faith    .     (no shield)
rPois  .         Spirit   .     (no helmet)
rElec  .         Dismiss  .     (no cloak)
rCorr  .         Reflect  .     r - +0 pair of gloves
SustAt .         Harm     .     (no boots)
MR     .....                    (no amulet)
Stlth  ++........               (no ring)
                                (no ring)

@: slowed, very slow, not resistant to hostile enchantments, unstealthy
A: no striking features
a: no special abilities


You were on level 3 of the Dungeon.
You were hungry.

You visited 1 branch of the dungeon, and saw 4 of its levels.

You collected 108 gold pieces.

Inventory:

Hand Weapons
 a - a +0 short sword
 q - a +0 hunting sling (weapon)
Missiles
 m - 65 stones (quivered)
 o - a throwing net
Armour
 b - a +0 leather armour (worn)
 r - a +0 pair of gloves (worn)
Wands
 c - a wand of flame (5/48)
 d - a wand of enslavement (15/24)
 e - a wand of random effects (13/48)
Scrolls
 n - a scroll of magic mapping {!r, unknown}
 p - a scroll of identify {!r, unknown}
 s - a scroll of remove curse {!r, unknown}
Potions
 h - 2 potions of lignification {!q, unknown}
 i - a potion of degeneration {!q, unknown}
 j - a potion of brilliance {!q, unknown}
 k - a potion of might {!q, unknown}
 l - a potion of ambrosia {!q, unknown}
Comestibles
 f - 4 bread rations
 g - 3 chunks of flesh


   Skills:
 - Level 0.7 Fighting
 - Level 1.0 Short Blades
 - Level 2.4 Dodging
 - Level 1.2 Stealth
 + Level 5.4 Evocations


You had 3 spell levels left.
You didn't know any spells.

Dungeon Overview and Level Annotations

Branches:
Dungeon (4/15)
 Temple: D:4-7

Altars:
Makhleb
Vehumet

Annotations:
D:3 Natasha


Message History

Aim: a kobold (resting)
You shoot a stone. The stone hits the kobold.
The kobold shouts!
The kobold is heavily wounded.
Firing (i - inventory. (,) - cycle):
m - 70 stones (quivered)
Press: ? - help, Shift-Dir - straight line, f/p - kobold
Aim: a kobold (heavily wounded)
You shoot a stone. The stone completely misses the kobold.
Natasha, Servant of Life and Death comes into view.
Firing (i - inventory. (,) - cycle):
m - 69 stones (quivered)
Press: ? - help, Shift-Dir - straight line, f/p - kobold
Aim: a kobold (heavily wounded)
You shoot a stone. The stone closely misses the kobold.
Firing (i - inventory. (,) - cycle):
m - 68 stones (quivered)
Press: ? - help, Shift-Dir - straight line, f/p - kobold
Aim: a kobold (heavily wounded)
You shoot a stone. The stone barely misses the kobold.
Firing (i - inventory. (,) - cycle):
m - 67 stones (quivered)
Press: ? - help, Shift-Dir - straight line, f/p - kobold
Aim: a kobold (heavily wounded)
You shoot a stone. The stone hits the kobold.
The kobold is severely wounded.
Firing (i - inventory. (,) - cycle):
m - 66 stones (quivered)
Press: ? - help, Shift-Dir - straight line, f/p - kobold
Aim: a kobold (heavily wounded)
You shoot a stone. The stone hits the kobold.
You kill the kobold!
Natasha casts a spell at you. The magic dart hits you!
* * * LOW HITPOINT WARNING * * *
Evoke which item? (* to show all) (? for menu, Esc to quit)
Zapping:
e - a wand of random effects (14/48)
Press: ? - help, Shift-Dir - straight line, f - Natasha
Aim: Natasha Natasha flickers and vanishes!
Deactivating autopickup; reactivate with Ctrl-A.
This wand has 13 charges left.
You are feeling hungry.
You hear some strange, mumbled words.
Evoke which item? (* to show all) (? for menu, Esc to quit)
Zapping:
c - a wand of flame (8/48)
Press: ? - help, Shift-Dir - straight line, f - you That would be overly suicidal.
Okay, then.
Evoke which item? (* to show all) (? for menu, Esc to quit)
Zapping:
c - a wand of flame (8/48)
Press: ? - help, Shift-Dir - straight line The puff of flame hits the iron imp.
The iron imp completely resists.
This wand has 7 charges left.
You hear some strange, mumbled words.
You feel yourself slow down.
Evoke which item? (* to show all) (? for menu, Esc to quit)
Zapping:
c - a wand of flame (7/48)
Press: ? - help, Shift-Dir - straight line The puff of flame hits something.
This wand has 6 charges left.
The iron imp shouts, "Accept thy fall, thou defiled weevil-witted flax-wench!"
Something completely misses you.
Evoke which item? (* to show all) (? for menu, Esc to quit)
Zapping:
c - a wand of flame (6/48)
Press: ? - help, Shift-Dir - straight line This wand has 5 charges left.
Something claws you.
* * * LOW HITPOINT WARNING * * *
The iron imp hits you!
You die...

.....#.##<#
#.#...#.##........#
#.##.#.##.#
#>#...#.####......#
#.##...##.# #.#...#.#
###.####
#.##.#.##.###.#...#.#
#.#
#.##.......##......<####
#.######
#..........#####.......#
#.......
.....>.###.#####.#####.#
#######.
####.##..>...).#.#### .#
#. #[##.##.###.#@(..# .#
## #.##.##.# #...5(.# .#
#.. ....# ###..((((.#
### .#### #.(###(.( #..#
#( #..# .... ..... ....


You could see an iron imp.

Vanquished Creatures
  Terence (D:3)
  An adder (D:2)
  An adder zombie (D:4)
  A worm (D:3)
  2 dart slugs
  A ball python (D:2)
  A giant cockroach (D:3)
  5 goblins
  3 hobgoblins
  A quokka (D:3)
  A bat (D:3)
  3 giant newts
  3 kobolds
  3 rats
27 creatures vanquished.

Notes
Turn   | Place    | Note
--------------------------------------------------------------
     0 | D:1      | Amnesiac the Deep Elf Artificer began the quest for the Orb.
     0 | D:1      | Reached XP level 1. HP: 11/11 MP: 5/5
    69 | D:2      | Found a radiant altar of Vehumet.
   680 | D:2      | Reached skill level 4 in Evocations
   680 | D:2      | Reached XP level 2. HP: 16/16 MP: 7/7
   883 | D:3      | Found a burning altar of Makhleb.
  1000 | D:4      | Reached XP level 3. HP: 9/20 MP: 8/8
  1315 | D:3      | Noticed Terence
  1325 | D:3      | Killed Terence
  1325 | D:3      | Reached skill level 5 in Evocations
  1370 | D:3      | Reached XP level 4. HP: 12/24 MP: 10/10
  1382 | D:3      | Noticed Natasha
  1389 | D:3      | Slain by an iron imp

Skill      XL: |  1  2  3 |
---------------+----------+-----
Evocations     | 4 5 |  5.4
Fighting       | |  0.7
Short Blades   | |  1.0
Dodging        | |  2.4
Stealth        | |  1.2

Action                   |  1- 3 |  4- 6 || total
-------------------------+-------+-------++-------
Melee: Short sword       |    69 |       ||    69
 Fire: Hunting sling     |    20 |     6 ||    26
Evoke: Wand              |     8 |     4 ||    12
  Use: Scroll            |     1 |       ||     1
 Stab: Sleeping          |     3 |       ||     3
  Eat: Chunk             |     1 |       ||     1
Armor: Leather armour    |    11 |       ||    11
Dodge: Dodged            |    51 |     1 ||    52
